 Dungeon Crawl Stone Soup version 0.28.0-43-g3370ac3207 (webtiles) character file.

Game seed: 1898932338287674752

12230 pkoi the Martial Artist (level 11, -7/82 HPs)
             Began as a Green Draconian Monk on Mar 19, 2022.
             Was an Elder of Hepliaklqana.
             Mangled by an eight-headed hydra (11 damage)
             ... on level 3 of the Lair of Beasts.
             The game lasted 00:21:14 (11612 turns).

pkoi the Martial Artist (Green Draconian Monk)     Turns: 11612, Time: 00:21:14

Health: -7/82      AC: 17    Str: 13    XL:     11   Next: 59%
Magic:  13/15      EV: 13    Int: 16    God:    Hepliaklqana [****..]
Gold:   477        SH:  0    Dex: 13    Spells: 13/16 levels left

rFire   + . .      SeeInvis .     - Unarmed
rCold   . . .      Faith    .   (no shield)
rNeg    . . .      Spirit   .   (armour unavailable)
rPois   +          Reflect  .   (helmet restricted)
rElec   .          Harm     .   c - scarf {+Inv}
rCorr   .          Rampage  .   d - +2 pair of gloves
Will    .....                   u - +2 pair of boots
Stlth   ++........              l - amulet of regeneration
HPRegen 1.03/turn               b - ring of protection from fire
MPRegen 0.14/turn               e - +4 ring of protection

@: no status effects
A: reduced essence, breathe noxious fumes, AC +7, unfitting armour, poison
resistance, cold-blooded
a: Breathe Noxious Fumes, Renounce Religion, Evoke Invisibility, Recall
Ancestor, Ancestor Identity, Transference, Idealise


You were on level 3 of the Lair of Beasts.
You worshipped Hepliaklqana.
Hepliaklqana was greatly pleased with you.
You visited 3 branches of the dungeon, and saw 12 of its levels.

You collected 477 gold pieces.

Inventory:

Hand Weapons
 w - a +2 vorpal scimitar
Missiles
 r - 16 poisoned darts
 C - 2 curare-tipped darts
Armour
 c - a scarf of invisibility (worn)
 d - a +2 pair of gloves (worn)
 n - an orb of light
 u - a +2 pair of boots (worn)
Jewellery
 b - a ring of protection from fire (left hand)
 e - a +4 ring of protection (right hand)
 l - an amulet of regeneration (around neck)
 t - a ring of magical power
 x - a ring of ice
Wands
 g - a wand of digging (3)
 m - a wand of polymorph (13)
 q - a wand of iceblast (8)
 s - a wand of acid (7)
 z - a wand of flame (21)
Scrolls
 a - a scroll of identify
 i - a scroll of teleportation
 p - a scroll of enchant armour
 y - a scroll of holy word
Potions
 f - 4 potions of curing
 h - 5 potions of heal wounds
 j - 4 potions of brilliance
 o - a potion of haste
 v - 3 potions of ambrosia
 A - 5 potions of flight
 B - a potion of might
 D - a potion of invisibility


   Skills:
 - Level 7.0 Fighting
 - Level 5.0 Dodging
 - Level 2.4 Stealth
 + Level 13.7 Unarmed Combat
 - Level 3.0 Spellcasting
 - Level 6.0 Summonings
 + Level 5.3 Invocations
 - Level 6.0 Evocations


You had 13 spell levels left.
You knew the following spells:

 Your Spells              Type           Power      Damage    Failure   Level
a - Call Canine Familiar  Summ           21%        N/A       4%          3

Your spell library contained the following spells:

 Spells                   Type           Power      Damage    Failure   Level
 Sublimation of Blood     Necr           2%         N/A       28%         2
 Ozocubu's Armour         Ice            2%         N/A       50%         3
 Portal Projectile        Hex/Tloc       4%         N/A       50%         3
 Leda's Liquefaction      Hex/Erth       1%         N/A       88%         4
 Petrify                  Tmut/Erth      2%         N/A       88%         4
 Irradiate                Conj/Tmut      1%         3d13      99%         5
 Lee's Rapid Deconstruct  Erth           1%         3d5*      99%         5
 Statue Form              Tmut/Erth      1%         N/A       100%        6
 Ozocubu's Refrigeration  Ice            1%         4d5       100%        7


Dungeon Overview and Level Annotations

Branches:
Dungeon (8/15)             Temple (1/1) D:7            Lair (3/6) D:8
  Swamp: Lair:2-4    Shoals: Lair:2-4     Snake: Lair:2-4    Spider: Lair:2-4

Altars:
Ashenzari
Cheibriados
Dithmenos
Elyvilon
Fedhas
Gozag
Hepliaklqana
Kikubaaqudgha
Makhleb
Nemelex Xobeh
Okawaru
Qazlal
Ru
Sif Muna
Trog
Uskayaw
Vehumet
Wu Jian
Xom
Yredelemnul
Zin
The Shining One

Shops:
D:6 [   D:7 *

Annotations:
Lair:1 Maggie
Lair:2 3 runed translucent doors, Neigiuh's ghost, journeyman HuBe
Lair:3 1 transporter, fknight's ghost, journeyman GrBe


Innate Abilities, Weirdness & Mutations

Your life essence is reduced to manifest your ancestor. (-10% HP)
You can breathe blasts of noxious fumes.
Your lurid green scales are hard. (AC +7)
You cannot fit into any form of body armour.
Your system is resistant to poisons. (rPois)
You are cold-blooded and may be slowed by cold attacks.


Message History

The eight-headed hydra bites you.
The eight-headed hydra completely misses you.
The eight-headed hydra bites you.
* * * LOW HITPOINT WARNING * * *
The eight-headed hydra bites you.
* * * LOW HITPOINT WARNING * * *
The eight-headed hydra bites you.
* * * LOW HITPOINT WARNING * * *
The eight-headed hydra bites you!
* * * LOW HITPOINT WARNING * * *
The eight-headed hydra closely misses you.
The eight-headed hydra bites you!
* * * LOW HITPOINT WARNING * * *
Aiming: Corrosive Bolt
Press: ? - help, Shift-Dir - straight line, f/p - eight-headed hydra
Aim: an eight-headed hydra (moderately wounded, covered in acid, 91% to hit)
The bolt of acid hits the eight-headed hydra!!
The eight-headed hydra is severely wounded.
The eight-headed hydra completely misses you.
The eight-headed hydra bites you.
* * * LOW HITPOINT WARNING * * *
The eight-headed hydra closely misses you.
The eight-headed hydra barely misses you.
The eight-headed hydra bites you.
* * * LOW HITPOINT WARNING * * *
The eight-headed hydra bites you but does no damage.
The eight-headed hydra bites you!
* * * LOW HITPOINT WARNING * * *
The eight-headed hydra bites you.
* * * LOW HITPOINT WARNING * * *
Unknown command.
Aiming: Corrosive Bolt
Press: ? - help, Shift-Dir - straight line, f/p - eight-headed hydra
Aim: an eight-headed hydra (severely wounded, covered in acid, 91% to hit)
The bolt of acid hits the eight-headed hydra!!
The eight-headed hydra is almost dead.
The eight-headed hydra bites you!
* * * LOW HITPOINT WARNING * * *
The eight-headed hydra bites you!
You die...

.######..#
.......(.#
.........###
........#.
.......
#....##
#P)..P# #D.#
#.@# #..#
#).# ##..##
#P...#
##..## #..#
.. ##..##
..# #....#


You could see an eight-headed hydra (corroded).

Vanquished Creatures
  Gastronok (Lair:2)
  2 hydras
  Sonja (Lair:1)
  Pikel (D:8)
  Maurice (D:8)
  6 cane toads
  A komodo dragon (Lair:1)
  A polar bear (Lair:2)
  Prince Ribbit (D:6)
  Grum (Lair:1)
  A steam dragon (D:6)
  An orc warrior (D:8)
  6 water moccasins
  An ice beast (D:7)
  3 sky beasts
  An ogre (D:6)
  2 centaurs
  9 wolves
  A lemure (D:7)
  9 bullfrogs
  A scorpion (D:5)
  A gnoll sergeant (D:8)
  4 wights
  3 killer bees (D:8)
  An electric eel (Lair:2)
  2 howler monkeys
  A centaur zombie (D:6)
  3 centaur skeletons
  4 hounds
  3 orc priests
  2 bullfrog skeletons
  A hexer (Lair:1)
  A scorpion zombie (D:5)
  2 iguanas
  4 orc wizards (D:5)
  A killer bee zombie (D:8)
  10 adders
  11 gnolls
  A shadow imp (D:8)
  2 white imps (D:6)
  3 worms
  2 dart slugs
  13 orcs
  6 ball pythons
  4 endoplasms
  5 giant cockroaches
  8 goblins
  8 hobgoblins
  3 jackals
  10 kobolds
  A quokka (D:2)
  2 bats
  A frilled lizard (D:3)
  5 rats
179 creatures vanquished.

Vanquished Creatures (collateral kills)
  A hydra (Lair:2)
  A cane toad (Lair:2)
  5 water moccasins
  2 wolves
  A lemure (D:8)
  A kobold brigand (D:8)
  A killer bee (Lair:1)
  A wight (D:8)
  A howler monkey (D:8)
  2 electric eels (Lair:2)
  A jelly (D:8)
  3 orc wizards (D:8)
  2 orcs (D:8)
  4 kobolds (D:8)
26 creatures vanquished.

Vanquished Creatures (others)
  5 hexers
  10 fungi
  17 plants
32 creatures vanquished.

Grand Total: 237 creatures vanquished

Notes
Turn   | Place    | Note
-------+----------+-------------------------------------------
     0 | D:1      | pkoi the Draconian Monk began the quest for the Orb.
     0 | D:1      | Reached XP level 1. HP: 19/19 MP: 1/1
   292 | D:1      | Reached XP level 2. HP: 26/26 MP: 2/2
   472 | D:1      | Found a faded altar of an unknown god.
  1427 | D:2      | Reached skill level 4 in Unarmed Combat
  1595 | D:2      | Reached XP level 3. HP: 23/31 MP: 3/3
  1796 | D:2      | Reached skill level 5 in Unarmed Combat
  1796 | D:2      | Reached XP level 4. HP: 38/38 MP: 4/4
  1986 | D:2      | Learned a level 3 spell: Call Canine Familiar
  2976 | D:4      | Noticed a phantom
  3121 | D:4      | Reached skill level 1 in Spellcasting
  3121 | D:4      | Reached skill level 1 in Summonings
  3121 | D:4      | Reached XP level 5. HP: 33/45 MP: 6/6
  3121 | D:4      | Noticed a centaur
  3128 | D:4      | Killed a centaur
  3197 | D:4      | Reached XP level 6. HP: 45/51 MP: 8/8
  3227 | D:4      | Reached skill level 6 in Unarmed Combat
  3258 | D:4      | Identified the +0 ring mail of Pessimism {-Cast +Inv rF+}
  4085 | D:5      | Entered Level 5 of the Dungeon
  4385 | D:5      | Noticed a water moccasin
  4394 | D:5      | Killed a water moccasin
  4395 | D:5      | Reached skill level 1 in Evocations
  4395 | D:5      | Your scales start taking on a lurid green colour.
  4395 | D:5      | Reached XP level 7. HP: 51/57 MP: 10/10
  4395 | D:5      | Gained mutation: Your system is resistant to poisons.
                  | (rPois) [Green Draconian growth]
  4571 | D:5      | Reached skill level 7 in Unarmed Combat
  5054 | D:6      | Found a bloodstained altar of Trog.
  5080 | D:6      | Reached XP level 8. HP: 63/63 MP: 12/12
  5176 | D:6      | Found Muroug's Antique Armour Shop.
  5213 | D:5      | Reached skill level 8 in Unarmed Combat
  5942 | D:6      | Noticed Prince Ribbit
  5967 | D:6      | Killed Prince Ribbit
  5968 | D:6      | Reached skill level 9 in Unarmed Combat
  6454 | D:7      | Found Aclead's Overcharged Wands.
  6476 | D:7      | Reached skill level 5 in Fighting
  6476 | D:7      | Reached XP level 9. HP: 57/74 MP: 13/13
  6654 | D:7      | Found a staircase to the Ecumenical Temple.
  6858 | Temple   | Entered the Ecumenical Temple
  7039 | Temple   | Became a worshipper of Hepliaklqana the Forgotten
  7039 | Temple   | Reached * piety under Hepliaklqana
  7039 | Temple   | Reached ** piety under Hepliaklqana
  7040 | Temple   | Remembered your ancestor Deb as a hexer
  7493 | D:8      | Noticed Maurice
  7610 | D:8      | Found a staircase to the Lair.
  7666 | D:8      | Killed Maurice
  7811 | D:8      | Noticed Pikel
  8023 | D:8      | Killed Pikel
  8024 | D:8      | Reached skill level 10 in Unarmed Combat
  8024 | D:8      | Reached skill level 5 in Summonings
  8399 | D:8      | Found a white marble altar of Elyvilon.
  8528 | Lair:1   | Entered Level 1 of the Lair of Beasts
  8564 | Lair:1   | Reached XP level 10. HP: 72/74 MP: 12/14
  8590 | Lair:1   | Noticed a six-headed hydra
  8607 | Lair:1   | Noticed Grum
  8609 | Lair:1   | Noticed Sonja
  8621 | Lair:1   | Reached skill level 5 in Evocations
  8631 | Lair:1   | Killed Grum
  8651 | Lair:1   | Noticed a cane toad
  8688 | D:8      | Killed a cane toad
  8949 | Lair:1   | Reached skill level 11 in Unarmed Combat
  9044 | Lair:1   | Killed Sonja
  9090 | Lair:1   | Killed a six-headed hydra
  9091 | Lair:1   | Reached skill level 12 in Unarmed Combat
  9528 | Lair:1   | Reached *** piety under Hepliaklqana
  9540 | Lair:1   | Noticed a cane toad
  9553 | Lair:1   | Killed a cane toad
  9554 | Lair:1   | Reached skill level 1 in Invocations
  9601 | Lair:1   | Noticed a cane toad
  9610 | Lair:1   | Killed a cane toad
  9699 | Lair:1   | Noticed Maggie
  9699 | Lair:1   | Noticed a cane toad
  9779 | Lair:2   | Noticed a cane toad
  9794 | Lair:1   | Killed a cane toad
  9795 | Lair:1   | Reached skill level 13 in Unarmed Combat
  9795 | Lair:1   | Reached XP level 11. HP: 38/80 MP: 15/15
 10177 | Lair:2   | Noticed Gastronok
 10202 | Lair:2   | Killed Gastronok
 10286 | Lair:2   | Found a runed translucent gate.
 10288 | Lair:2   | Found a runed translucent gate.
 10289 | Lair:2   | Found a runed translucent gate.
 10304 | Lair:2   | Noticed Neigiuh's ghost (journeyman HuBe)
 10413 | Lair:2   | Noticed a four-headed hydra
 10419 | Lair:2   | Killed a four-headed hydra
 10588 | Lair:2   | Reached skill level 5 in Dodging
 11038 | Lair:2   | Reached **** piety under Hepliaklqana
 11253 | Lair:3   | Found a transporter.
 11253 | Lair:3   | Noticed fknight's ghost (journeyman GrBe)
 11265 | Lair:3   | Noticed a death yak
 11303 | Lair:3   | Identified the +1 robe "Byzxugal" {+Inv rN+ Dex-2}
 11340 | Lair:3   | Noticed a six-headed hydra
 11353 | Lair:3   | Killed a six-headed hydra
 11354 | Lair:3   | Reached skill level 5 in Invocations
 11604 | Lair:3   | Noticed an eight-headed hydra
 11612 | Lair:3   | HP: 4/82 [eight-headed hydra (11)]
 11612 | Lair:3   | Mangled by an eight-headed hydra

Illustrated notes

Levels and vault maps discovered:
D:1:      minmay_arrival_doors, layout_basic, nicolae_ecumenical_snake_handling
D:2:      layout_loops_cross
D:3:      layout_basic
D:4:      layout_loops_ring
D:5:      layout_basic, nrook_pool_corridor
D:6:      minmay_evil_eye, layout_rooms, mainiacjoe_overflow_chevrons,
          serial_shops, shop, uniq_prince_ribbit1
D:7:      layout_loops_ring, minmay_temple_entry_fiery,
          nicolae_shop_overcharged_wands
D:8:      layout_rooms, mainiacjoe_overflow_six_doors_small, lair_entry_dummy,
          hangedman_decor_growths, uniq_pikel, uniq_maurice
Temple:   mainiacjoe_temple_cubbyholes
Lair:1:   layout_cave_pods, special_room [special_room_bee], grunt_megastairs_2,
          lemuel_fruit_tree, uniq_sonja, uniq_maggie, uniq_grum
Lair:2:   layout_gridlike, gammafunk_ghost_necromancy, uniq_gastronok
Lair:3:   layout_chaotic_city, skrybe_swamp_entry_bodies, gammafunk_ghost_arena,
          chequers_serial_rivers_large_b

Skill      XL: |  1  2  3  4  5  6  7  8  9 10 11 |
---------------+----------------------------------+-----
Unarmed Combat | 4 5 6 7 9 10 13 | 13.7
Spellcasting   | 1 2 3 |  3.0
Summonings     | 1 2 3 4 5 6 |  6.0
Evocations     | 1 2 3 4 6 |  6.0
Dodging        | 4 5 |  5.0
Fighting       | 5 6 7 |  7.0
Stealth        | 2 |  2.4
Invocations    | 2 5 |  5.3

Action                   |  1- 3 |  4- 6 |  7- 9 | 10-12 || total
-------------------------+-------+-------+-------+-------++-------
Melee: Unarmed           |    92 |   212 |   368 |   203 ||   875
       Tailslap          |    14 |    27 |    58 |    39 ||   138
       Punch             |     1 |     7 |    16 |    14 ||    38
 Cast: Call Canine Famil |       |       |    12 |    15 ||    27
Invok: Recall Ancestor   |       |       |     2 |     1 ||     3
       Ancestor Life: He |       |       |     1 |       ||     1
       Ancestor Identity |       |       |     1 |       ||     1
 Abil: Breathe Noxious F |       |       |    10 |     4 ||    14
Evoke: Wand              |       |     5 |       |     6 ||    11
  Use: Scroll            |       |     5 |     4 |     2 ||    11
       Potion            |       |     6 |       |       ||     6
 Stab: Sleeping          |     2 |     6 |     4 |       ||    12
       Distracted        |       |     1 |       |     6 ||     7
       Confused          |       |       |    15 |     4 ||    19
Armor: Skin              |    26 |    91 |   192 |    99 ||   408
Dodge: Dodged            |    42 |   105 |   253 |   149 ||   549
